3L
HARTFORD WHALERS @ CHICAGO HAWKS
09/03/2025
 
TOP OF THE 1ST
Hartford Whalers batting - Pitching for Chicago Hawks : RHP Joe Crown
Pitching: RHP Joe Crown
Batting: RHB Joe Craig 0-0: Ball
1-0: Called Strike
1-1: Called Strike
1-2: Strikes out swinging
Batting: SHB Francisco Reyes 0-0: Ball
1-0: Ball
2-0: Foul Ball, location: 2F
2-1: Called Strike
2-2: Ball
3-2: Fly out, F7 (Flyball, 78D)
Batting: RHB Juan García 0-0: Ball
1-0: Foul Ball, location: 2F
1-1: Foul Ball, location: 2F
1-2: Strikes out swinging
Top of the 1st over - 0 run(s), 0 hit(s), 0 error(s), 0 left on base; Hartford 0 - Chicago 0
BOTTOM OF THE 1ST
Chicago Hawks batting - Pitching for Hartford Whalers : RHP Sukejuro Yokoyama
Pitching: RHP Sukejuro Yokoyama
Batting: LHB Johnny Hernández 0-0: Called Strike
0-1: Ball
1-1: Ball
2-1: Ball
3-1: Foul Ball, location: 2F
3-2: Ground out 5-3 (Groundball, 56S)
Batting: SHB Evan Adams 0-0: Ball
1-0: Ball
2-0: Called Strike
2-1: Called Strike
2-2: Foul Ball, location: 2F
2-2: Strikes out swinging
Batting: RHB Robbie Roach 0-0: Ball
1-0: Foul Ball, location: 2F
1-1: Ball
2-1: Called Strike
2-2: Foul Ball, location: 2F
2-2: Ball
3-2: DOUBLE (Flyball, 89XD)
Batting: LHB Jeff Rutherford 0-0: Foul Ball, location: 2F
0-1: Ball
1-1: Called Strike
1-2: Ball
2-2: Ball
3-2: Base on Balls
Batting: LHB Bill Griffin 0-0: Ball
1-0: Swinging Strike
1-1: Called Strike
1-2: Strikes out swinging
Bottom of the 1st over - 0 run(s), 1 hit(s), 0 error(s), 2 left on base; Hartford 0 - Chicago 0
TOP OF THE 2ND
Hartford Whalers batting - Pitching for Chicago Hawks : RHP Joe Crown
Batting: SHB Virgil Eberle 0-0: Called Strike
0-1: Ball
1-1: Fly out, F7 (Flyball, 7)
Batting: SHB Jorge Barrios 0-0: Called Strike
0-1: Foul Ball, location: 2F
0-2: Ball
1-2: Strikes out swinging
Batting: LHB Tom Benjamin 0-0: Swinging Strike
0-1: Called Strike
0-2: Ball
1-2: Strikes out swinging
Top of the 2nd over - 0 run(s), 0 hit(s), 0 error(s), 0 left on base; Hartford 0 - Chicago 0
BOTTOM OF THE 2ND
Chicago Hawks batting - Pitching for Hartford Whalers : RHP Sukejuro Yokoyama
Batting: RHB Pablo Trujillo 0-0: Foul Ball, location: 2F
0-1: Ball
1-1: Foul Ball, location: 2F
1-2: Ball
2-2: Strikes out swinging
Batting: LHB Mike Pace 0-0: Ball
1-0: Ground out 4-3 (Groundball, 4)
Batting: RHB Pedro Longoria 0-0: Ball
1-0: Ground out 5-3 (Groundball, 56S)
Bottom of the 2nd over - 0 run(s), 0 hit(s), 0 error(s), 0 left on base; Hartford 0 - Chicago 0
TOP OF THE 3RD
Hartford Whalers batting - Pitching for Chicago Hawks : RHP Joe Crown
Batting: SHB Al Anderson 0-0: DOUBLE (Line Drive, 7D)
Batting: RHB Jake Hutchinson 0-0: Ball
1-0: Foul Ball, location: 2F
1-1: Ball
2-1: Foul Ball, location: 2F
2-2: DOUBLE (Line Drive, 8LD)
Al Anderson scores
Batting: RHB Juan Tapia 0-0: Ball
1-0: Ball
2-0: Ball
3-0: Base on Balls
Batting: RHB Joe Craig 0-0: Called Strike
0-1: Ball
1-1: Ball
2-1: Foul Ball, location: 2F
2-2: Ball
3-2: SINGLE (Line Drive, 89S)
Jake Hutchinson to third
Juan Tapia to second
Batting: SHB Francisco Reyes 0-0: Called Strike
0-1: Called Strike
0-2: Ball
1-2: SINGLE (Line Drive, 8LS)
Jake Hutchinson scores
Juan Tapia to third
Joe Craig to second
Batting: RHB Juan García 0-0: Swinging Strike
0-1: Swinging Strike
0-2: Ball
1-2: Strikes out swinging
Batting: SHB Virgil Eberle 0-0: Ball
1-0: Foul Ball, location: 2F
1-1: Ball
2-1: Fly out, F9 (Flyball, 9D)
Runner from 3rd tags up, SCORES, no throw
Batting: SHB Jorge Barrios 0-0: Called Strike
0-1: Ball
1-1: Swinging Strike
1-2: Ball
2-2: Ball
3-2: Base on Balls
Joe Craig to third
Francisco Reyes to second
Batting: LHB Tom Benjamin 0-0: Ball
1-0: Foul Ball, location: 2F
1-1: Foul Ball, location: 2F
1-2: Foul Ball, location: 2F
1-2: Foul Ball, location: 2F
1-2: Strikes out looking
Top of the 3rd over - 3 run(s), 4 hit(s), 0 error(s), 3 left on base; Hartford 3 - Chicago 0
BOTTOM OF THE 3RD
Chicago Hawks batting - Pitching for Hartford Whalers : RHP Sukejuro Yokoyama
Batting: RHB Lorenzo Sabastro 0-0: Ball
1-0: Ground out 6-3 (Groundball, 6)
Batting: LHB Johnny Hernández 0-0: Ball
1-0: Called Strike
1-1: Ball
2-1: Called Strike
2-2: Fly out, F4 (Line Drive, 4M)
Batting: SHB Evan Adams 0-0: Called Strike
0-1: Foul Ball, location: 2F
0-2: Ball
1-2: Foul Ball, location: 2F
1-2: Foul Ball, location: 2F
1-2: SINGLE (Groundball, 3L) (infield hit)
Batting: RHB Robbie Roach 0-0: Called Strike
0-1: Ball
1-1: Ball
Throwing error on steal attempt, E2
Evan Adams to third
2-1: Ball
3-1: Base on Balls
Batting: LHB Jeff Rutherford 0-0: Fly out, F8 (Flyball, 8LD)
Bottom of the 3rd over - 0 run(s), 1 hit(s), 1 error(s), 2 left on base; Hartford 3 - Chicago 0
TOP OF THE 4TH
Hartford Whalers batting - Pitching for Chicago Hawks : RHP Joe Crown
Batting: SHB Al Anderson 0-0: Swinging Strike
0-1: Called Strike
0-2: Ball
1-2: Ground out 4-3 (Groundball, 4)
Batting: RHB Jake Hutchinson 0-0: Swinging Strike
0-1: Swinging Strike
0-2: Ball
1-2: Strikes out swinging
Batting: RHB Juan Tapia 0-0: Ball
1-0: Ground out 6-3 (Groundball, 6)
Top of the 4th over - 0 run(s), 0 hit(s), 0 error(s), 0 left on base; Hartford 3 - Chicago 0
BOTTOM OF THE 4TH
Chicago Hawks batting - Pitching for Hartford Whalers : RHP Sukejuro Yokoyama
Batting: LHB Bill Griffin 0-0: Ball
1-0: Swinging Strike
1-1: Foul Ball, location: 2F
1-2: Ball
2-2: Ground out 4-3 (Groundball, 4)
Batting: RHB Pablo Trujillo 0-0: Called Strike
0-1: Ball
1-1: Ground out 5-3 (Groundball, 56)
Batting: LHB Mike Pace 0-0: Ball
1-0: Ball
2-0: Called Strike
2-1: Ground out 4-3 (Groundball, 4M)
Bottom of the 4th over - 0 run(s), 0 hit(s), 0 error(s), 0 left on base; Hartford 3 - Chicago 0
TOP OF THE 5TH
Hartford Whalers batting - Pitching for Chicago Hawks : RHP Joe Crown
Batting: RHB Joe Craig 0-0: Ball
1-0: Ground out 3-1 (Groundball, 34S)
Batting: SHB Francisco Reyes 0-0: Ball
1-0: Called Strike
1-1: Ball
2-1: Ball
3-1: Foul Ball, location: 2F
3-2: Base on Balls
Batting: RHB Juan García 0-0: Called Strike
Francisco Reyes steals 2nd base
0-1: Ball
1-1: Ball
2-1: Ball
3-1: Called Strike
3-2: Foul Ball, location: 2F
3-2: Foul Ball, location: 2F
3-2: Base on Balls
Batting: SHB Virgil Eberle 0-0: Fly out, F4 (Popup, 4)
Batting: SHB Jorge Barrios 0-0: Ball
1-0: Called Strike
1-1: Ball
2-1: Foul Ball, location: 2F
2-2: Foul Ball, location: 2F
2-2: Foul Ball, location: 2F
2-2: Foul Ball, location: 2F
2-2: Ball
3-2: SINGLE (Groundball, 3D)
Francisco Reyes to third
Juan García to second
Francisco Reyes scores
Juan García to third
Batting: LHB Tom Benjamin 0-0: Ball
Jorge Barrios steals 2nd base
1-0: Ball
2-0: Foul Ball, location: 2F
2-1: Called Strike
2-2: Foul Ball, location: 2F
2-2: Ball
3-2: Fly out, F9 (Flyball, 9S)
Top of the 5th over - 1 run(s), 1 hit(s), 0 error(s), 2 left on base; Hartford 4 - Chicago 0
BOTTOM OF THE 5TH
Chicago Hawks batting - Pitching for Hartford Whalers : RHP Sukejuro Yokoyama
Batting: RHB Pedro Longoria 0-0: Ball
1-0: Ground out 5-3 (Groundball, 5)
Batting: RHB Lorenzo Sabastro 0-0: Ball
1-0: Swinging Strike
1-1: Swinging Strike
1-2: Strikes out looking
Batting: LHB Johnny Hernández 0-0: Called Strike
0-1: Ball
1-1: Ball
2-1: Fly out, F4 (Popup, 34D)
Bottom of the 5th over - 0 run(s), 0 hit(s), 0 error(s), 0 left on base; Hartford 4 - Chicago 0
TOP OF THE 6TH
Hartford Whalers batting - Pitching for Chicago Hawks : RHP Joe Crown
Batting: SHB Al Anderson 0-0: Ball
1-0: Foul Ball, location: 2F
1-1: Called Strike
1-2: Ball
2-2: Ball
3-2: Base on Balls
Batting: RHB Jake Hutchinson 0-0: Ball
1-0: Bunted foul
1-1: Sac Bunt - play at second, runner OUT! 5-6
Pitching: RHP Ramiro Lara
Batting: RHB Juan Tapia 0-0: Grounds into double play, 6-4-3 (Groundball, 6)
Top of the 6th over - 0 run(s), 0 hit(s), 0 error(s), 0 left on base; Hartford 4 - Chicago 0
BOTTOM OF THE 6TH
Chicago Hawks batting - Pitching for Hartford Whalers : RHP Sukejuro Yokoyama
Batting: SHB Evan Adams 0-0: Called Strike
0-1: Foul Ball, location: 2F
0-2: Strikes out swinging
Batting: RHB Robbie Roach 0-0: Ball
1-0: Ball
2-0: Called Strike
2-1: Foul Ball, location: 2F
2-2: Ball
3-2: Base on Balls
Batting: LHB Jeff Rutherford 0-0: Fly out, F3 (Line Drive, 3L)
Batting: LHB Bill Griffin 0-0: Ball
1-0: Ground out 4-3 (Groundball, 34)
Bottom of the 6th over - 0 run(s), 0 hit(s), 0 error(s), 1 left on base; Hartford 4 - Chicago 0
TOP OF THE 7TH
Hartford Whalers batting - Pitching for Chicago Hawks : RHP Ramiro Lara
Batting: RHB Joe Craig 0-0: Ball
1-0: SINGLE (Groundball, 6MD)
Batting: SHB Francisco Reyes 0-0: Ball
1-0: Bunted foul
1-1: Sac Bunt - play at first, batter OUT! 5-4
Joe Craig to second
Batting: RHB Juan García 0-0: Called Strike
0-1: Foul Ball, location: 2F
0-2: Ball
1-2: Ball
2-2: Ball
3-2: Ground out 4-3 (Groundball, 4S)
Joe Craig to third
Batting: SHB Virgil Eberle 0-0: Ball
1-0: Fly out, F9 (Flyball, 89S)
Top of the 7th over - 0 run(s), 1 hit(s), 0 error(s), 1 left on base; Hartford 4 - Chicago 0
BOTTOM OF THE 7TH
Chicago Hawks batting - Pitching for Hartford Whalers : RHP Sukejuro Yokoyama
Batting: RHB Pablo Trujillo 0-0: Ball
1-0: Foul Ball, location: 2F
1-1: Foul Ball, location: 2F
1-2: Strikes out looking
Batting: LHB Mike Pace 0-0: Ground out 4-3 (Groundball, 4S)
Batting: RHB Pedro Longoria 0-0: Called Strike
0-1: Ground out 5-3 (Groundball, 56S)
Bottom of the 7th over - 0 run(s), 0 hit(s), 0 error(s), 0 left on base; Hartford 4 - Chicago 0
TOP OF THE 8TH
Hartford Whalers batting - Pitching for Chicago Hawks : RHP Ramiro Lara
Batting: SHB Jorge Barrios 0-0: Ball
1-0: Reached on error, E3 (Groundball, 34)
Batting: LHB Tom Benjamin 0-0: Ball
1-0: Sac Bunt - play at first, batter OUT! 1-4
Jorge Barrios to second
Batting: SHB Al Anderson 0-0: Intentional Walk
Batting: RHB Jake Hutchinson 0-0: Called Strike
0-1: Ball
1-1: Hit by Pitch
Jorge Barrios to third
Al Anderson to second
Batting: RHB Juan Tapia 0-0: Called Strike
0-1: Ball
1-1: Ball
2-1: Ball
3-1: Foul Ball, location: 2F
3-2: Foul Ball, location: 2F
3-2: Grounds into double play, 6-4-3 (Groundball, 6D)
Top of the 8th over - 0 run(s), 0 hit(s), 1 error(s), 2 left on base; Hartford 4 - Chicago 0
BOTTOM OF THE 8TH
Chicago Hawks batting - Pitching for Hartford Whalers : RHP Sukejuro Yokoyama
Batting: RHB Lorenzo Sabastro 0-0: Ball
1-0: Ball
2-0: Ground out 4-3 (Groundball, 4M)
Batting: LHB Johnny Hernández 0-0: Called Strike
0-1: Ball
1-1: Called Strike
1-2: Ball
2-2: Ball
3-2: Base on Balls
Pitching: LHP José Rico
Batting: SHB Evan Adams 0-0: Foul Ball, location: 2F
Pickoff Throw to First - Error! E1
Johnny Hernández to second
0-1: Ball
1-1: Called Strike
1-2: Ball
2-2: Ball
3-2: Strikes out looking
Batting: RHB Robbie Roach 0-0: Ball
1-0: Called Strike
1-1: Ground out U3 (Groundball, 3S)
Bottom of the 8th over - 0 run(s), 0 hit(s), 1 error(s), 1 left on base; Hartford 4 - Chicago 0
TOP OF THE 9TH
Hartford Whalers batting - Pitching for Chicago Hawks : RHP Ramiro Lara
Batting: RHB Joe Craig 0-0: Called Strike
0-1: Swinging Strike
0-2: Strikes out looking
Batting: SHB Francisco Reyes 0-0: Called Strike
0-1: Ball
1-1: Ball
2-1: Called Strike
2-2: Ball
3-2: Foul Ball, location: 2F
3-2: Ground out 4-3 (Groundball, 4)
Batting: RHB Juan García 0-0: Called Strike
0-1: Ball
1-1: Ball
2-1: Called Strike
2-2: Ball
3-2: Foul Ball, location: 2F
3-2: Strikes out swinging
Top of the 9th over - 0 run(s), 0 hit(s), 0 error(s), 0 left on base; Hartford 4 - Chicago 0
BOTTOM OF THE 9TH
Chicago Hawks batting - Pitching for Hartford Whalers : LHP José Rico
Batting: LHB Jeff Rutherford 0-0: Ball
1-0: Called Strike
1-1: Called Strike
1-2: Ball
2-2: Ball
3-2: Base on Balls
Batting: LHB Bill Griffin 0-0: Foul Ball, location: 2F
0-1: Foul Ball, location: 2F
0-2: Fielders Choice at 2nd, 1-4 (Groundball, 15S)
Batting: RHB Pablo Trujillo 0-0: Ball
1-0: Foul Ball, location: 2F
1-1: Fielders Choice at 2nd, 2-4 (Groundball, 2L)
Batting: LHB Mike Pace 0-0: SINGLE (Line Drive, 56D)
Pablo Trujillo to second
Pitching: RHP Johnny Allen
Batting: RHB Pedro Longoria 0-0: Foul Ball, location: 2F
0-1: Ball
1-1: Hit by Pitch
Pablo Trujillo to third
Mike Pace to second
Pinch Hitting: RHB Carl Carlson 0-0: Ball
1-0: Called Strike
1-1: SINGLE (Line Drive, 4MD)
Pablo Trujillo scores
Mike Pace to third
Pedro Longoria to second
Batting: LHB Johnny Hernández 0-0: Ball
1-0: Ball
2-0: Foul Ball, location: 2F
2-1: Fielders Choice at 2nd, 6-4 (Groundball, 6)
Bottom of the 9th over - 1 run(s), 2 hit(s), 0 error(s), 2 left on base; Hartford 4 - Chicago 1
Friday, December 30th, 2016 - OOTP Baseball 17.12 Build 75